 Dungeon Crawl Stone Soup version 0.27-a0-498-g7ecbb0a48f (webtiles) character file.

Game seed: 16880232851713218141

165 tilp the Insei (level 5, -3/36 HPs)
             Began as an Octopode Transmuter on Mar 2, 2021.
             Slain by an iguana (11 damage)
             ... on level 4 of the Dungeon.
             The game lasted 00:04:54 (4612 turns).

tilp the Insei (Octopode Transmuter)                Turns: 4612, Time: 00:04:54

Health: -3/36      AC:  1    Str: 15    XL:     5   Next: 46%
Magic:  8/8        EV: 13    Int: 16    God:
Gold:   192        SH:  5    Dex: 13    Spells: 5/8 levels left

rFire    . . .     SeeInvis .     - Unarmed
rCold    . . .     Faith    .   (no shield)
rNeg     . . .     Spirit   .   (helmet restricted)
rPois    .         Reflect  +   m - amulet of reflection
rElec    .         Harm     .   c - ring of flight
rCorr    .         Rampage  .   k - +6 ring of strength
Will     .....                  (no ring)
Stlth    +++.......             (no ring)
HPRegen  0.12/turn              (no ring)
MPRegen  0.11/turn              (no ring)
                                (no ring)
                                (no ring)

@: no status effects
A: almost no armour, stealthy swim, amphibious, 8 rings, constrict 8, camouflage
1, gelatinous body 1
a: Evoke Flight


You were on level 4 of the Dungeon.
You visited 1 branch of the dungeon, and saw 4 of its levels.

You collected 192 gold pieces.

Inventory:

Missiles
 b - 118 stones
 f - 8 poisoned darts (quivered)
 n - 6 atropa-tipped darts
 t - 3 silver javelins
Magical Staves
 u - a staff of poison
Jewellery
 c - a ring of flight (left tentacle)
 k - a +6 ring of strength (right tentacle)
 m - an amulet of reflection (around mantle)
 v - an amulet of faith
Scrolls
 a - a scroll of immolation
 d - a scroll of magic mapping {unknown}
 h - 2 scrolls of enchant weapon {unknown}
 l - a scroll of random uselessness {unknown}
 q - a scroll of enchant armour {unknown}
 r - a scroll of noise {unknown}
Potions
 e - a potion of haste
 g - a potion of invisibility {unknown}
 i - a potion of heal wounds
 j - a potion of curing {unknown}
 o - 2 potions of mutation {unknown}
 p - a potion of attraction {unknown}
 s - a potion of degeneration {unknown}


   Skills:
 + Level 3.0 Fighting
 - Level 2.0 Dodging
 - Level 4.0 Stealth
 + Level 4.2 Unarmed Combat
 - Level 2.0 Spellcasting
 - Level 2.0 Transmutations


You had 5 spell levels left.
You knew the following spells:

 Your Spells              Type           Power        Failure   Level
a - Beastly Appendage     Tmut           16%          9%          1
b - Wereblood             Tmut           8%           14%         2

Your spell library contained the following spells:

 Spells                   Type           Power        Failure   Level
 Spider Form              Tmut/Pois      2%           38%         3
 Ice Form                 Ice/Tmut       4%           80%         4
 Blade Hands              Tmut           4%           94%         5


Dungeon Overview and Level Annotations

Branches:
Dungeon (4/15)
 Temple: D:4-7

Altars:
Dithmenos
Kikubaaqudgha
Makhleb
Ru
Yredelemnul


Innate Abilities, Weirdness & Mutations

You cannot wear most types of armour.
You are very stealthy in the water. (Stealth+)
You are amphibious.
You can wear up to eight rings at the same time.
You can use your tentacles to constrict eight enemies at once.
Your skin changes colour to match your surroundings (Stealth+).
Your rubbery body absorbs attacks. (AC +1, EV +1)


Message History

You tentacle-slap the adder. Your grab misses the adder.
Your tentacle spike misses the adder.
The adder is heavily wounded.
You block the adder's attack.
You tentacle-slap the adder. You grab the adder.
Your tentacle spike misses the adder.
The adder is severely wounded.
You constrict the adder. The adder closely misses you.
You tentacle-slap the adder but do no damage.
You pierce the adder.
You squeeze the adder.
You kill the adder!
Your Fighting skill increases to level 3!
No target in view!
v - an amulet of faith Your transformation is almost over.
Your tentacle spike disappears.
An iguana comes into view.
No target in view!
No target in view!
The helpless iguana fails to defend itself.
You tentacle-slap the iguana. Your grab misses the iguana.
You squeeze the iguana.
The iguana is heavily wounded.
The iguana bites you.
You tentacle-slap the iguana but do no damage.
Your grab misses the iguana.
The iguana is heavily wounded.
The iguana bites you!
You are too injured to fight recklessly!
You are too injured to fight recklessly!
You closely miss the iguana. Your grab misses the iguana.
The iguana is heavily wounded.
A hound comes into view.
The iguana bites you!
* * * LOW HITPOINT WARNING * * *
The hound moves out of view.
You bludgeon the iguana! Your grab misses the iguana.
The iguana is almost dead.
The iguana bites you!
You die...

..
#.#########
#.........#
#..........
#..........
#..........
#...l..≈≈≈≈
#..@.≈≈≈≈≈≈
#...#≈≈≈≈≈≈
#...# ≈≈≈≈≈
#..#.# ≈≈≈≈
#.≈##.# ≈≈≈
#.≈≈##.# ≈≈
#.≈≈# .# #
#.≈≈# .
#.≈≈#####.#


You could see an iguana.

Vanquished Creatures
  A hound (D:4)
  A gnoll (D:1)
  6 adders
  A worm (D:3)
  A dart slug (D:3)
  A leopard gecko (D:1)
  5 orcs (D:3)
  3 giant cockroaches
  4 goblins
  5 hobgoblins
  3 jackals (D:4)
  3 quokkas (D:3)
  7 bats
  5 frilled lizards
  12 kobolds
  8 rats
66 creatures vanquished.

Notes
Turn   | Place    | Note
-------+----------+-------------------------------------------
     0 | D:1      | tilp the Octopode Transmuter began the quest for the Orb.
     0 | D:1      | Reached XP level 1. HP: 13/13 MP: 3/3
   145 | D:1      | Reached skill level 1 in Stealth
   247 | D:1      | Reached XP level 2. HP: 8/18 MP: 3/5
   594 | D:1      | Learned a level 2 spell: Wereblood
   979 | D:1      | Reached XP level 3. HP: 22/23 MP: 6/6
  1921 | D:2      | HP: 1/34 [poisoned by a kobold]
  2859 | D:2      | Found an ancient bone altar of Kikubaaqudgha.
  2961 | D:2      | Reached XP level 4. HP: 21/29 MP: 5/7
  3280 | D:3      | Found a shadowy altar of Dithmenos.
  4138 | D:3      | Found a burning altar of Makhleb.
  4143 | D:3      | Found a sacrificial altar of Ru.
  4148 | D:3      | Found a basalt altar of Yredelemnul.
  4182 | D:3      | Reached XP level 5. HP: 34/35 MP: 6/8
  4612 | D:4      | Slain by an iguana

Illustrated notes

Levels and vault maps discovered:
D:1:      tarquinn_simple_flora_water_d, layout_loops_ring
D:2:      layout_basic, kiku_gazebo_pond_becter
D:3:      layout_loops_ring, minmay_overflow_temple_star_quad,
          lemuel_round_altar
D:4:      layout_cave_pods, grunt_decor_junction

Skill      XL: |  1  2  3  4  5 |
---------------+----------------+-----
Stealth        | 3 4 |  4.0
Fighting       | 2 3 |  3.0
Unarmed Combat | 4 |  4.2
Dodging        | |  2.0
Spellcasting   | |  2.0
Transmutations | |  2.0

Action                   |  1- 3 |  4- 6 || total
-------------------------+-------+-------++-------
Melee: Unarmed           |    84 |    77 ||   161
       Constrict         |    17 |    25 ||    42
       Tentacles         |    11 |    15 ||    26
       Kick              |     4 |    12 ||    16
       Punch             |     1 |     2 ||     3
Throw: Dart              |       |     2 ||     2
 Cast: Beastly Appendage |     6 |    10 ||    16
       Wereblood         |       |     4 ||     4
  Use: Scroll            |     1 |     2 ||     3
       Potion            |     1 |       ||     1
 Stab: Sleeping          |    12 |     5 ||    17
Armor: Skin              |    11 |     2 ||    13
Dodge: Dodged            |    53 |    36 ||    89
Block: Other             |     2 |    15 ||    17

Table legend: (Time is in decaauts)
 A = Elapsed time spent in this place.
 B = Non-inter-level travel time spent in this place.
 C = Inter-level travel time spent in this place.
 D = Time resting spent in this place.
 E = Time spent auto-exploring this place.
 F = Levels seen in this place.
 G = Mean time per level.
                   A        B        C        D        E       F      G
               +--------+--------+--------+--------+--------+-----+--------+
         Total |   4601 |   4522 |     79 |   1123 |   2857 |   4 | 1150.2 |
       Dungeon |   4601 |   4522 |     79 |   1123 |   2857 |   4 | 1150.2 |
               +--------+--------+--------+--------+--------+-----+--------+

Top non-repeatable levels by time:
     D:2: 2149 daAuts
     D:1: 1219 daAuts
     D:3: 1137 daAuts
     D:4: 94 daAuts
